 Dungeon Crawl Stone Soup version 0.20.0-10-g0535bb4 (webtiles) character file.

1545 dobroeutro the Cleaver (level 8, -5/68 HPs)
             Began as a Minotaur Fighter on June 4, 2017.
             Killed from afar by an orc wizard (22 damage)
             ... with a wand of lightning (?/15)
             ... on level 6 of the Dungeon.
             The game lasted 00:10:48 (4332 turns).

dobroeutro the Cleaver (Minotaur Fighter)           Turns: 4332, Time: 00:10:49

Health: -5/68      AC: 12    Str: 21    XL:     8   Next: 56%
Magic:  7/7        EV:  9    Int:  5    God:
Gold:   298        SH: 10    Dex: 12    Spells: 7/7 levels left

rFire    . . .     SeeInvis .   r - +2 hand axe (chop)
rCold    . . .     Gourm    .   c - +0 shield
rNeg     . . .     Faith    .   b - +0 scale mail
rPois    .         Spirit   .   j - +2 hat
rElec    .         Reflect  .   (no cloak)
rCorr    .         Harm     .   s - +0 pair of gloves
MR       .....                  n - +0 pair of boots
Stlth    ..........             (no amulet)
Regen    0.3/turn               (no ring)
MPRegen  0.1/turn               (no ring)

@: no status effects
A: retaliatory headbutt, horns 2
a: no special abilities


You were on level 6 of the Dungeon.
You were not hungry.

You visited 1 branch of the dungeon, and saw 6 of its levels.

You collected 298 gold pieces.

Inventory:

Hand Weapons
 a - a +0 war axe
 r - a +2 hand axe of chopping (weapon)
Armour
 b - a +0 scale mail (worn)
 c - a +0 shield (worn)
 j - a +2 hat (worn)
 n - a +0 pair of boots (worn)
 s - a +0 pair of gloves (worn)
Jewellery
 l - an uncursed ring of fire
 C - an uncursed amulet of guardian spirit {unknown}
Wands
 B - a wand of acid (6/15)
Scrolls
 e - 4 scrolls of teleportation {unknown}
 h - 6 scrolls of identify {unknown}
 k - 2 scrolls of fog {unknown}
 p - 3 scrolls of remove curse {unknown}
 t - a scroll of fear {unknown}
 u - a scroll of enchant weapon {unknown}
 v - a scroll of amnesia {unknown}
 w - a scroll of noise {unknown}
 x - 3 scrolls of blinking {unknown}
 y - 2 scrolls of immolation {unknown}
 D - a scroll of magic mapping {unknown}
 E - 2 scrolls of random uselessness {unknown}
Potions
 d - 2 potions of might
 g - 3 potions of curing {unknown}
 m - a potion of resistance {unknown}
 o - a potion of flight {unknown}
 q - 3 potions of haste {unknown}
Comestibles
 f - 6 bread rations
 i - a meat ration
 z - 2 royal jellies
 A - 4 fruits
 F - 9 chunks of flesh


   Skills:
 + Level 5.2 Fighting
 * Level 10.3 Axes
 + Level 5.6 Armour
 + Level 3.4 Dodging
 + Level 5.2 Shields


You had 7 spell levels left.
You didn't know any spells.

Dungeon Overview and Level Annotations

Branches:
Dungeon (6/15)
 Temple: D:4-7

Altars:
Elyvilon
Qazlal
Xom


Innate Abilities, Weirdness & Mutations

You reflexively headbutt those who attack you in melee.
You have a pair of horns on your head.


Message History

The orc wizard zaps a wand.
The bolt of lightning hits you!
It is a wand of lightning (?/15).
The orc wizard zaps a wand.
The bolt of lightning hits the orc.
The orc dies!
The bolt of lightning hits you! x2
* * * LOW HITPOINT WARNING * * *
An orc comes into view.
You are too injured to fight recklessly!
You are too injured to fight recklessly!
You are too injured to fight recklessly!
Unknown command.
You are too injured to fight recklessly!
Unknown command.
You are too injured to fight recklessly!
You are too injured to fight recklessly!
Press: ? - help, v - describe, . - travel
Here: an orc wizard, wielding a dagger, wearing a robe and carrying a wand of lightning (?/15) {zapped: 2} The floor.
The orc wizard zaps a wand.
The bolt of lightning hits you!
You die...

.##......#.......#....#.........#
.........#.......#....#.........#
.##..##.############.#########..#
.######.############.###..####..#
.# #............+..#.......... ##
#............#>............
#...o........#..#..........
#....o.......#<.#..........
#..###..##@.##+###.######.. #..#
#..##..# ####.###..
.).......#..... #.......
o...<......#......# #.......
.............#......# #(......
.............#......# #.......
#####+#####+###..##.# ########
#### .#


You could see an orc warrior and an orc wizard.

Vanquished Creatures
  A sky beast (D:5)
  3 ogres
  2 bullfrogs
  2 scorpions
  A howler monkey (D:4)
  A bullfrog zombie (D:6)
  A crimson imp (D:5)
  2 jellies
  A hound (D:4)
  4 orc priests
  A bullfrog skeleton (D:4)
  4 orc wizards
  2 iguanas (D:5)
  6 worker ants
  9 gnolls
  10 adders
  An ooze (D:3)
  3 worms
  A dart slug (D:1)
  4 leopard geckos
  30 orcs
  6 bats
  4 giant cockroaches
  7 hobgoblins
  4 jackals
  2 quokkas
  A ball python (D:3)
  2 frilled lizards
  A giant cockroach zombie (D:6)
  6 goblins
  10 kobolds
  2 quokka skeletons (D:5)
  8 rats
142 creatures vanquished.

Vanquished Creatures (others)
  An orc (D:6)
1 creature vanquished.

Grand Total: 143 creatures vanquished

Notes
Turn   | Place    | Note
-------+----------+-------------------------------------------
     0 | D:1      | dobroeutro the Minotaur Fighter began the quest for the Orb.
     0 | D:1      | Reached XP level 1. HP: 19/19 MP: 0/0
    72 | D:1      | Reached skill level 3 in Axes
   132 | D:1      | Reached XP level 2. HP: 26/26 MP: 1/1
   222 | D:1      | Reached skill level 4 in Axes
   418 | D:1      | Reached XP level 3. HP: 30/31 MP: 2/2
  1011 | D:2      | Found a stormy altar of Qazlal.
  1016 | D:2      | Reached skill level 5 in Axes
  1145 | D:2      | Reached XP level 4. HP: 25/39 MP: 3/3
  1764 | D:3      | Reached skill level 6 in Axes
  1830 | D:3      | Found a white marble altar of Elyvilon.
  1840 | D:3      | Noticed an ogre
  1857 | D:3      | Killed an ogre
  1857 | D:3      | Reached skill level 7 in Axes
  1857 | D:3      | Reached XP level 5. HP: 17/45 MP: 4/4
  2352 | D:3      | Reached XP level 6. HP: 43/51 MP: 5/5
  2496 | D:3      | Reached skill level 8 in Axes
  2707 | D:4      | Reached skill level 9 in Axes
  2753 | D:4      | Reached XP level 7. HP: 52/58 MP: 6/6
  2965 | D:4      | Reached skill level 1 in Dodging
  3215 | D:5      | Entered Level 5 of the Dungeon
  3486 | D:5      | Found a shimmering altar of Xom.
  3548 | D:5      | Reached XP level 8. HP: 67/67 MP: 7/7
  3643 | D:5      | Reached skill level 5 in Armour
  3945 | D:5      | Reached skill level 10 in Axes
  4199 | D:6      | Reached skill level 5 in Fighting
  4229 | D:6      | Reached skill level 5 in Shields
  4332 | D:6      | Killed from afar by an orc wizard

Skill      XL: |  1  2  3  4  5  6  7  8 |
---------------+-------------------------+-----
Axes           | 3 4 5 7 9 10 | 10.3
Dodging        | 2 3 |  3.4
Armour         | 4 5 |  5.6
Fighting       | 4 5 |  5.2
Shields        | 4 5 |  5.2

Action                   |  1- 3 |  4- 6 |  7- 9 || total
-------------------------+-------+-------+-------++-------
Melee: War axe           |    79 |    66 |       ||   145
       Headbutt          |    12 |    12 |    27 ||    51
       Hand axe          |       |    50 |   171 ||   221
  Eat: Chunk             |       |     5 |     6 ||    11
Armor: Scale mail        |    31 |    42 |    54 ||   127
Dodge: Dodged            |    16 |    37 |    37 ||    90
Block: Shield            |    32 |    62 |    49 ||   143
